 Dungeon Crawl Stone Soup version 0.31.0-12-g77e489cdc1 (webtiles) character file.

Game seed: 10764578007395387680

217 Amelense the Sneak (level 6, -2/33 HPs)
             Began as a Kobold Enchanter on Feb 11, 2024.
             Killed by divine providence
             ... invoked by an orc priest
              (10 damage)
             ... on level 4 of the Dungeon.
             The game lasted 00:21:48 (3768 turns).

Amelense the Sneak (Kobold Enchanter)               Turns: 3768, Time: 00:21:48

Health: -2/33      AC:  5    Str:  5    XL:     6   Next: 16%
Magic:  8/9        EV: 30    Int: 16    God:
Gold:   175        SH:  0    Dex: 18    Spells: 5/9 levels left

rFire   . . .        a - +1 dagger
rCold   . . .        (no shield)
rNeg    . . .        b - +2 robe
rPois   .            (no helmet)
rElec   .            (no cloak)
rCorr   .            m - +0 pair of gloves
SInv    .            (no boots)
Will    .....        r - amulet of the acrobat
Stlth   +++++        (no ring)
HPRegen 0.25/turn    (no ring)
MPRegen 0.11/turn

%: acrobat
@: acrobatic
A: small, no large weapons, nightstalker 3
a: no special abilities


You were on level 4 of the Dungeon.
You visited 1 branch of the dungeon, and saw 4 of its levels.

You collected 175 gold pieces.

Inventory:

Hand Weapons
 a - a +1 dagger (weapon)
Missiles
 k - 11 poisoned darts (quivered)
Armour
 b - a +2 robe (worn)
 f - a +0 leather armour
 m - a +0 pair of gloves (worn)
Jewellery
 r - an amulet of the acrobat (around neck)
Scrolls
 d - a scroll of immolation {unknown}
 j - a scroll of blinking {unknown}
 n - a scroll of silence {unknown}
 o - a scroll of vulnerability {unknown}
 p - a scroll of revelation {unknown}
 q - a scroll of amnesia {unknown}
 s - a scroll of enchant weapon {unknown}
 t - a scroll of poison {unknown}
Potions
 c - 2 potions of brilliance {unknown}
 e - a potion of might
 g - 4 potions of curing
 i - a potion of haste {unknown}


   Skills:
 + Level 0.8 Fighting
 + Level 3.0 Short Blades
 + Level 3.1 Dodging
 * Level 7.6 Stealth
 + Level 2.3 Spellcasting
 + Level 3.2 Hexes


You had 5 spell levels left.
You knew the following spells:

 Your Spells              Type           Power      Damage    Failure   Level
a - Ensorcelled Hibernat  Hex/Ice        14%        N/A       16%         2
b - Jinxbite              Hex            24%        N/A       9%          2

Your spell library contained the following spells:

 Spells                   Type           Power      Damage    Failure   Level
 Confusing Touch          Hex            12%        N/A       16%         3
 Tukima's Dance           Hex            12%        N/A       16%         3
 Apportation              Tloc           2%         N/A       21%         1
 Necrotise                Necr           4%         1d4       21%         1
 Sting                    Conj/Alch      4%         1d3       21%         1
 Summon Small Mammal      Summ           4%         N/A       21%         1
 Dazzling Flash           Conj/Hex       14%        N/A       30%         3
 Cause Fear               Hex            6%         N/A       47%         4
 Yara's Violent Unravell  Hex/Alch       3%         3d4       96%         5
 Fireball                 Conj/Fire      0%         3d3       99%         5
 Enfeeble                 Hex            6%         N/A       100%        7
 Dragon's Call            Summ           0%         N/A       100%        9


Dungeon Overview and Level Annotations

Branches:
Dungeon (4/15)
 Temple: D:4-7

Altars:

Shops:
D:2 :   D:3 (

Annotations:
D:4 Grinder


Innate Abilities, Weirdness & Mutations

You are small and have problems with some larger weapons.
You are completely attuned to the shadows.


Message History

The orc is lightly wounded.
The orc priest looks encouraged for a moment.
The orc hits you but does no damage.
You're too confused to move!
The orc completely misses you. The orc priest completely misses you.
The orc hits you with a +0 hand axe.
The orc priest attacks as it pursues you!
The orc priest closely misses you.
The orc wizard attacks as it pursues you!
The orc wizard barely misses you.
The orc priest looks satisfied for a moment.
You feel less confused.
The orc wizard mumbles some strange words.
The orc wizard flickers and vanishes!
Deactivating autopickup; reactivate with Ctrl-A.
The orc priest mumbles some strange prayers to Beogh against you.
Pain shoots through your body!
You hear some strange, mumbled words.
Something tries to affect you, but you resist.
The jinxing sprites lose interest in you.
You are confused.
The orc priest looks encouraged for a moment.
The orc completely misses you.
You bump into the rock wall.
The orc barely misses you.
You bump into the rock wall.
The orc misses you. The orc misses you.
The orc priest invokes the aid of Beogh against you.
Beogh smites you! The orc attacks as it pursues you!
The orc completely misses you.
You feel less confused.
The orc priest calls down the wrath of Beogh upon you.
Pain shoots through your body!
* * * LOW HITPOINT WARNING * * *
The orc priest attacks as it pursues you!
The orc priest closely misses you.
You feel your willpower return. Something barely misses you.
The orc priest mumbles some strange prayers to Beogh against you.
Beogh smites you!
You die...

####.......?...
#[.............
#.##...........
#.##.#........#
#.##...#.....##
#.##.####...##
#..#.#.#.#.#.##
#<.)..........#
#.##@#.#.#.#.#.
#.#...o<......#
#.##.#o#.#.#.##
#.#...........
#.##.#.#.#.#.
#.#..........
#.##.#.#.#.#.
#............
####.#.#.#.#.


You could see an orc priest and an orc.

Vanquished Creatures
  A scorpion (D:3)
  Crazy Yiuf (D:3)
  An iguana (D:4)
  6 adders
  A dart slug (D:4)
  2 ribbon worms
  3 orcs
  4 goblins
  7 hobgoblins
  A quokka (D:4)
  5 ball pythons
  4 bats
  A frilled lizard (D:2)
  5 kobolds
  2 rats
44 creatures vanquished.

Notes
Turn   | Place    | Note
-------+----------+-------------------------------------------
     0 | D:1      | Amelense the Kobold Enchanter began the quest for the Orb.
     0 | D:1      | Reached XP level 1. HP: 10/10 MP: 3/3
   402 | D:1      | Reached XP level 2. HP: 12/15 MP: 5/5
  1279 | D:2      | Learned a level 2 spell: Ensorcelled Hibernation
  1779 | D:2      | Reached skill level 5 in Stealth
  1779 | D:2      | Reached XP level 3. HP: 19/19 MP: 6/6
  1935 | D:2      | Found Hoal's Book Emporium.
  2317 | D:3      | Found Meutuefe's Antique Weapon Emporium.
  2464 | D:3      | Reached XP level 4. HP: 23/24 MP: 7/7
  2589 | D:3      | Reached skill level 6 in Stealth
  2849 | D:3      | Found a runed translucent door.
  2852 | D:3      | Noticed Crazy Yiuf
  2858 | D:3      | Killed Crazy Yiuf
  2859 | D:3      | Reached XP level 5. HP: 19/28 MP: 5/8
  2946 | D:3      | Learned a level 2 spell: Jinxbite
  3450 | D:4      | Noticed Grinder
  3470 | D:4      | Paralysed by Grinder for 5 turns
  3536 | D:3      | Reached skill level 7 in Stealth
  3626 | D:4      | Reached XP level 6. HP: 33/33 MP: 6/9
  3768 | D:4      | Killed from afar by an orc priest

Illustrated notes

Levels and vault maps discovered:
D:1:      evilmike_arrival_grusome_pit, layout_basic
D:2:      layout_basic, serial_shops, shop
D:3:      layout_loops_ring, serial_shops, nicolae_shop_rolling_square,
          dreamdust_wishing_well, uniq_crazy_yiuf_cottage
D:4:      minmay_inner_zag, layout_loops_ring, nicolae_tso_besieged_by_evil,
          led_sif_pool, st_stairs_11, uniq_robin, uniq_grinder, uniq_duvessa

Skill      XL: |  1  2  3  4  5 |
---------------+----------------+-----
Stealth        | 5 6 7 |  7.6
Short Blades   | 2 3 |  3.0
Dodging        | 3 |  3.1
Fighting       | |  0.8
Spellcasting   | |  2.3
Hexes          | |  3.2

Action                     |  1- 3 |  4- 6 || total
---------------------------+-------+-------++-------
  Melee: Dagger            |    63 |    45 ||   108
   Cast: Ensorcelled Hiber |     6 |    11 ||    17
         Jinxbite          |       |     3 ||     3
    Use: Scroll            |     2 |     3 ||     5
         Potion            |       |     2 ||     2
   Stab: Sleeping          |    14 |    13 ||    27
         Invisible         |       |     3 ||     3
         Distracted        |       |     1 ||     1
 Armour: Robe              |    16 |    28 ||    44
  Dodge: Dodged            |    33 |    67 ||   100
